 Dungeon Crawl Stone Soup version 0.31.0-1-g2c135a008e (webtiles) character file.

Game seed: 16027378824922079696

1136 qw the Shooter (level 8, 58/58 HPs)
             Began as a Djinni Hunter on Jan 23, 2024.
             Quit the game on level 5 of the Dungeon.
             The game lasted 00:06:27 (11423 turns).

qw the Shooter (Djinni Hunter)                     Turns: 11423, Time: 00:06:28

Health: 58/58      AC:  9    Str: 10    XL:     8   Next: 63%
Gold:   287        EV: 12    Int: 11    God:
                   SH:  0    Dex: 19

rFire   + + .        p - +3 orcbow (drain)
rCold   . . .        (shield currently unavailable)
rNeg    . . .        l - +0 ring mail
rPois   inf          q - +0 helmet
rElec   .            e - +0 cloak
rCorr   .            j - +1 pair of gloves
SInv    .            (boots unavailable)
Will    .....        (no amulet)
Stlth   +            h - ring of protection from cold
HPRegen 0.29/turn    (no ring)
MPRegen 0.00/turn

%: no passive effects
@: flying
A: sickness immunity, fire resistance 2, cold vulnerability 1, float, innate
caster, HP casting, extra vitality 1
a: no special abilities


You were on level 5 of the Dungeon.
You visited 1 branch of the dungeon, and saw 5 of its levels.

You collected 357 gold pieces.
You spent 70 gold pieces at shops.


Innate Abilities, Weirdness & Mutations

You are immune to sickness and miasma.
You are immune to poison.
Your flesh is very heat resistant. (rF++)
You are vulnerable to cold. (rC-)
You float through the air rather than walking.
You learn spells naturally, not from books.
Your magical power is your life essence.
You have superior vitality. (+4 MHP)


   Skills:
 + Level 4.2 Fighting
 - Level 7.3 Ranged Weapons
 - Level 2.7 Armour
 - Level 4.0 Dodging
 - Level 0.7 Stealth


You knew the following spells:

 Your Spells              Type           Power      Damage    Failure   Level
a - Summon Small Mammal   Summ           0%         N/A       65%         1
b - Searing Ray           Conj           0%         2d4       78%         2
c - Vampiric Draining     Necr           0%         2d6       95%         3
Your spell library was empty.

Inventory:

Hand Weapons
 p - a +3 orcbow of draining (weapon)
Armour
 e - a +0 cloak (worn)
 j - a +1 pair of gloves (worn)
 l - a +0 ring mail (worn)
 q - a +0 helmet (worn)
Jewellery
 c - a ring of ice
 h - a ring of protection from cold (left hand)
Wands
 f - a wand of flame (5)
 m - a wand of digging (7)
Scrolls
 b - 3 scrolls of teleportation
Potions
 a - a potion of mutation
 d - 2 potions of heal wounds
 k - a potion of enlightenment

Dungeon Overview and Level Annotations

Branches:
Dungeon (5/15)             Temple (0/1) D:5

Altars:
Cheibriados
Ru
Trog
Zin
The Shining One

Shops:
D:2 (   D:4 :

Annotations:
D:4 3 runed translucent doors, qw's ghost, amateur DjHu


Message History

You fly downwards.
There is a stone staircase leading up here.
Done exploring.
What level of the Dungeon? (default 4, ? - help)
You fly upwards.
Level annotation: 3 runed translucent doors, qw's ghost, amateur DjHu
There is a stone staircase leading down here.
You fly downwards.
There is a stone staircase leading up here.
Done exploring.
What level of the Dungeon? (default 4, ? - help) Welcome back, qw the Djinni Hunter.
Press ? for a list of commands and other information.
Enter note:
Enter note:
Enter note:
Enter note:
Enter note:
Enter note:
Enter note:
Enter note:
Enter note:
Enter note:
Enter note:
Enter note:
Enter note:
Enter note:
Enter note:
Enter note:
Enter note:
Enter note:
Enter note:
Enter note:
Enter note:
Enter note:
Enter note:
Enter note:
Enter note:
11423 ||| PLANNING TEMPLE Are you sure you want to abandon this character and quit the game? (Confirm with "yes".)

##..#........#.# #.##.####
...##..>..##...# #........
.#........#..#.# ####.####
...###...##.#..# #.#
.#...###.#..#.## #.#
#.##...#.#.##.#### #.#
#.##.............##### #.#
#.##.##.#....(.......# #.####
.###.##...####..@....# #.....
.......##.####.#.##..# #..###
.#####.##.##.....##..# #..#
.####........###.##..# #<.#
..........<..# #..#..####
##..#
#.###..##.##.###........#
#...#
#...#.............#..##.#
#..##
......###............##.###..#
......# ####.................#


There were no monsters in sight!

Vanquished Creatures
  Sigmund (D:3)
  Edmund (D:5)
  A water moccasin (D:5)
  2 black bears (D:5)
  A centaur (D:5)
  A scorpion (D:4)
  2 orc priests (D:4)
  A jelly (D:4)
  2 hounds (D:5)
  2 iguanas (D:5)
  A hound zombie (D:3)
  7 gnolls
  A howler monkey skeleton (D:3)
  A white imp (D:5)
  2 ufetubi (D:5)
  An adder skeleton (D:3)
  2 dart slugs
  3 ribbon worms
  12 orcs
  7 endoplasms
  7 giant cockroaches
  7 goblins
  5 hobgoblins
  4 jackals (D:1)
  4 kobolds
  4 quokkas
  10 ball pythons
  3 ball python skeletons (D:3)
  2 ball python zombies (D:3)
  10 bats
  6 frilled lizards
  A quokka zombie (D:3)
  5 rats
119 creatures vanquished.

Notes
Turn   | Place    | Note
-------+----------+-------------------------------------------
     0 | D:1      | qw the Djinni Hunter began the quest for the Orb.
     0 | D:1      | Reached XP level 1. HP: 18/18 MP: 0/0
     0 | D:1      | 0 ||| qw: Version: 0.3-a-136-gdd3b4e8
     0 | D:1      | 0 ||| qw: Game counter: 1095
     0 | D:1      | 0 ||| qw: Melee chars always use a shield: true
     0 | D:1      | 0 ||| qw: God list: Okawaru
     0 | D:1      | 0 ||| qw: Allow faded altars: false
     0 | D:1      | 0 ||| qw: Do Orc after clearing Dungeon:15 true
     0 | D:1      | 0 ||| qw: Do second Lair branch before Depths: true
     0 | D:1      | 0 ||| qw: Lair rune preference: random
     0 | D:1      | 0 ||| qw: Goals: Normal
     0 | D:1      | 0 ||| PLANNING D:1-11
    46 | D:1      | Reached XP level 2. HP: 23/23 MP: 0/0
   261 | D:1      | Reached XP level 3. HP: 28/28 MP: 0/0
   261 | D:1      | Learned a level 1 spell: Summon Small Mammal
   411 | D:1      | Reached skill level 4 in Ranged Weapons
   670 | D:1      | 670 ||| UPGRADING to ring of protection from cold.
   671 | D:1      | 671 ||| READING scroll labelled QATEUT BIRHU.
   772 | D:1      | 772 ||| READING scroll labelled DEM FAELYTZ.
   773 | D:1      | 773 ||| READING scroll labelled NISAURECAN.
   773 | D:1      | 773 ||| IDENTIFYING ruby potion
   774 | D:1      | 774 ||| DROPPING scroll of butterflies.
   820 | D:2      | Found a glowing golden altar of the Shining One.
   862 | D:2      | 862 ||| FLEEEEING.
   864 | D:2      | 864 ||| FLEEEEING.
   865 | D:2      | 865 ||| FLEEEEING.
  1054 | D:2      | Found Denuolan's Antique Weapon Shop.
  1062 | D:2      | 1062 ||| BUYING orcbow (70 gold).
  1062 | D:2      | Bought an orcbow for 70 gold pieces
  1062 | D:2      | 1062 ||| SWAPPING to +0 orcbow.
  1063 | D:2      | 1063 ||| DROPPING +0 shortbow.
  1087 | D:2      | Reached skill level 3 in Fighting
  1087 | D:2      | Reached XP level 4. HP: 35/35 MP: 0/0
  1335 | D:2      | 1335 ||| UPGRADING to +0 cloak.
  1340 | D:2      | 1340 ||| UPGRADING to +0 pair of gloves.
  1345 | D:2      | 1345 ||| UPGRADING to +0 helmet.
  1350 | D:2      | 1350 ||| READING scroll of identify.
  1350 | D:2      | 1350 ||| IDENTIFYING yellow potion
  1351 | D:2      | 1351 ||| READING scroll labelled OSITUKHL RIMUX.
  1352 | D:2      | 1352 ||| READING scroll labelled BIXEAS NIKOSHRA.
  1352 | D:2      | 1352 ||| ENCHANTING +0 orcbow.
  1353 | D:2      | 1353 ||| READING scroll labelled VAHICY XOEHA.
  1354 | D:2      | 1354 ||| READING scroll labelled CIOGUOXIMO.
  1355 | D:2      | 1355 ||| READING scroll labelled FUBIUJA DYAJENG.
  1355 | D:2      | 1355 ||| BRANDING +1 orcbow.
  1356 | D:2      | 1356 ||| DRINKING 2 blue potions.
  1390 | D:2      | 1390 ||| DROPPING potion of lignification.
  1471 | D:3      | Reached skill level 1 in Armour
  1525 | D:3      | Found a snail-covered altar of Cheibriados.
  1536 | D:3      | Found a glowing silver altar of Zin.
  1556 | D:3      | Reached skill level 3 in Dodging
  1556 | D:3      | Reached XP level 5. HP: 40/40 MP: 0/0
  1556 | D:3      | Learned a level 2 spell: Searing Ray
  1562 | D:3      | 1562 ||| FLEEEEING.
  1563 | D:3      | 1563 ||| FLEEEEING.
  1564 | D:3      | 1564 ||| FLEEEEING.
  1565 | D:3      | 1565 ||| FLEEEEING.
  1566 | D:3      | 1566 ||| FLEEEEING.
  1567 | D:3      | 1567 ||| FLEEEEING.
  1568 | D:3      | 1568 ||| FLEEEEING.
  1569 | D:3      | 1569 ||| FLEEEEING.
  1570 | D:3      | 1570 ||| FLEEEEING.
  1571 | D:3      | 1571 ||| FLEEEEING.
  1689 | D:3      | Noticed Sigmund
  1694 | D:3      | Killed Sigmund
  1695 | D:3      | Reached skill level 5 in Ranged Weapons
  1695 | D:3      | Reached XP level 6. HP: 43/46 MP: 0/0
  1844 | D:3      | 1844 ||| READING scroll of enchant weapon.
  1844 | D:3      | 1844 ||| ENCHANTING +1 orcbow of draining.
  1950 | D:3      | Found a bloodstained altar of Trog.
  2186 | D:3      | 2186 ||| READING scroll of identify.
  2186 | D:3      | 2186 ||| IDENTIFYING amethyst potion
  2187 | D:3      | 2187 ||| DROPPING potion of degeneration.
  2207 | D:4      | 2207 ||| PLANNING SEWER
  2278 | D:4      | Found Ruoburph's Book Boutique.
  2288 | D:4      | 2288 ||| READING scroll of enchant weapon.
  2288 | D:4      | 2288 ||| ENCHANTING +2 orcbow of draining.
  2438 | D:4      | Reached XP level 7. HP: 52/52 MP: 0/0
  2438 | D:4      | Learned a level 3 spell: Vampiric Draining
  2592 | D:4      | Found a sacrificial altar of Ru.
  2632 | D:4      | 2632 ||| FLEEEEING.
  2633 | D:4      | 2633 ||| FLEEEEING.
  2756 | D:4      | Noticed qw's ghost (amateur DjHu)
  2757 | D:4      | Noticed a wyvern
  2760 | D:4      | Found a runed translucent gate.
  2760 | D:4      | Found a runed translucent gate.
  2760 | D:4      | Found a runed translucent gate.
  2832 | D:4      | 2832 ||| RIP SEWER
  2841 | D:4      | 2841 ||| PLANNING D:1-11
  2927 | D:4      | 2927 ||| UPGRADING to +0 ring mail.
  2937 | D:4      | 2937 ||| DROPPING +0 leather armour.
  2938 | D:4      | 2938 ||| READING 4 scrolls labelled PYISTR HIMOE.
  2971 | D:4      | 2971 ||| READING scroll labelled LELIGO ZEYR.
  2971 | D:4      | 2971 ||| ENCHANTING +0 pair of gloves.
  3018 | D:5      | Entered Level 5 of the Dungeon
  3082 | D:5      | Reached skill level 6 in Ranged Weapons
  3082 | D:5      | Reached XP level 8. HP: 58/58 MP: 0/0
  3402 | D:5      | Noticed Edmund
  3422 | D:5      | Killed Edmund
  3423 | D:5      | Reached skill level 7 in Ranged Weapons
  3632 | D:5      | Found a staircase to the Ecumenical Temple.
  3633 | D:5      | 3633 ||| PLANNING TEMPLE
  3801 | D:5      | 3801 ||| READING scroll labelled JIEMOU YBLUL.
  3897 | D:5      | 3897 ||| DRINKING 2 pink potions.
  3898 | D:5      | 3898 ||| DRINKING fizzy silvery potion.
  3899 | D:5      | 3899 ||| DRINKING 2 glowing coppery potions.
  3900 | D:5      | 3900 ||| DRINKING red potion.
  3905 | D:5      | 3905 ||| DROPPING potion of ambrosia.
 11423 | D:5      | 11423 ||| qw: Version: 0.3-a-136-gdd3b4e8
 11423 | D:5      | 11423 ||| qw: Game counter: 1095
 11423 | D:5      | 11423 ||| qw: Melee chars always use a shield: true
 11423 | D:5      | 11423 ||| qw: God list: Okawaru
 11423 | D:5      | 11423 ||| qw: Allow faded altars: false
 11423 | D:5      | 11423 ||| qw: Do Orc after clearing Dungeon:15 true
 11423 | D:5      | 11423 ||| qw: Do second Lair branch before Depths: true
 11423 | D:5      | 11423 ||| qw: Lair rune preference: random
 11423 | D:5      | 11423 ||| qw: Goals: Normal
 11423 | D:5      | 11423 ||| PLANNING TEMPLE
 11423 | D:5      | Quit the game

Levels and vault maps discovered:
D:1:      dreamdust_arrival_sigmund_warning, layout_basic,
          dreamdust_mushroom_princess
D:2:      layout_basic, serial_shops, shop, basic_altar
D:3:      kennysheep_big_flooded_room, layout_basic,
          hellmonk_overflow_destroyed_library, mainiacjoe_overflow_big_doors,
          serial_undead, serial_undead_b, serial_undead_e, serial_undead_e,
          serial_undead_e, serial_undead_e, serial_undead_c, serial_undead_d,
          serial_undead_d, uniq_sigmund
D:4:      layout_gridville, old_standard_altar, gup_sewer_entry_pipe,
          serial_shops, shop, serial_rivers, chequers_serial_rivers_small_b,
          chequers_serial_rivers_small_3, chequers_serial_rivers_large_a,
          chequers_serial_rivers_room_a, gammafunk_ghost_split
D:5:      layout_loops_ring, minmay_temple_entry_slanted, uniq_edmund

Skill      XL: |  1  2  3  4  5  6  7  8 |
---------------+-------------------------+-----
Ranged Weapons | 4 5 6 7 |  7.3
Fighting       | 3 4 |  4.2
Armour         | 1 2 |  2.7
Dodging        | 3 4 |  4.0
Stealth        | |  0.7

Action                     |  1- 3 |  4- 6 |  7- 9 || total
---------------------------+-------+-------+-------++-------
   Fire: Shortbow          |    85 |       |       ||    85
         Orcbow            |     3 |    92 |    98 ||   193
    Use: Scroll            |     3 |     9 |     3 ||    15
         Potion            |       |     1 |     4 ||     5
 Armour: Leather armour    |    13 |    20 |     2 ||    35
         Ring mail         |       |       |    34 ||    34
  Dodge: Dodged            |    10 |    34 |    42 ||    86

Table legend:
 A = Non-vault XP
 B = Vault XP
 C = Vault XP percentage of total XP
 D = Non-vault monster count
 E = Vault monster count
 F = Vault count percentage of total count
                 A         B        C        D         E       F
            +---------+---------+-------+---------+---------+-------
      Total |    1158 |     465 |  28.7 |      99 |      20 |  16.8
            +---------+---------+-------+---------+---------+-------
        D:1 |      38 |       0 |   0.0 |      25 |       0 |   0.0
        D:2 |      45 |       0 |   0.0 |      25 |       0 |   0.0
        D:3 |      81 |     275 |  77.2 |      18 |      12 |  40.0
        D:4 |     286 |      14 |   4.7 |      19 |       7 |  26.9
        D:5 |     708 |     176 |  19.9 |      12 |       1 |   7.7
            +---------+---------+-------+---------+---------+-------
